 Dungeon Crawl Stone Soup version 0.21-a0-522-ga8338f0 (webtiles) character file.

124 Ijustatesigmund the Skirmisher (level 5, 0/46 HPs)
             Began as a Hill Orc Artificer on Dec 6, 2017.
             Slain by a centaur (3 damage)
             ... on level 4 of the Dungeon.
             The game lasted 00:07:04 (3083 turns).

Ijustatesigmund the Skirmisher (Hill Orc Artificer) Turns: 3083, Time: 00:07:05

Health: 0/46       AC: 13    Str: 15      XL:     5   Next: 8%
Magic:  7/7        EV:  4    Int: 10 (11) God:
Gold:   125        SH:  4    Dex: 12      Spells: 4/4 levels left

rFire    . . .     SeeInvis .   a - +1 hand axe
rCold    . . .     Gourm    .   (no shield)
rNeg     . . .     Faith    .   b - +1 plate armour
rPois    .         Spirit   .   (no helmet)
rElec    .         Reflect  .   (no cloak)
rCorr    .         Harm     .   n - +0 pair of gloves
MR       .....                  (no boots)
Stlth    ..........             (no amulet)
HPRegen  0.15/turn              (no ring)
MPRegen  0.10/turn              (no ring)

@: no status effects
A: hooves 1, large bone plates 1, deterioration 1
a: no special abilities


You were on level 4 of the Dungeon.
You were hungry.

You visited 1 branch of the dungeon, and saw 4 of its levels.

You collected 125 gold pieces.

Inventory:

Hand Weapons
 a - a +1 hand axe (weapon)
Missiles
 h - a throwing net (quivered)
Armour
 b - a +1 plate armour (worn)
 n - a +0 pair of gloves (worn)
Wands
 c - a wand of flame (11)
 d - a wand of enslavement (2)
 e - a wand of random effects (14)
Potions
 j - a potion of cancellation
 m - a potion of invisibility {unknown}
Comestibles
 f - a bread ration
 i - 2 meat rations


   Skills:
 + Level 3.9 Fighting
   Level 1.0 Short Blades
 + Level 2.6 Axes
 - Level 2.5 Armour
 - Level 1.5 Dodging
 - Level 0.7 Stealth
 - Level 3.0 Evocations


You had 4 spell levels left.
You didn't know any spells.

Dungeon Overview and Level Annotations

Branches:
Dungeon (4/15)
 Temple: D:4-7

Altars:
Elyvilon
Gozag
Hepliaklqana
Wu Jian


Innate Abilities, Weirdness & Mutations

You have large cloven feet.
You are partially covered in large bone plates. (SH +4)
Your body sometimes deteriorates upon taking damage.


Message History

Unknown command.
It was a potion of mutation.
You feel extremely strange.
You feel yourself wasting away.
Large bone plates grow over parts of your arms.
Your feet thicken and deform.
You start resting.
You hear a twanging sound.
An arrow appears from out of thin air!
The arrow hits you but does no damage.
You hit something. You kick something. You completely miss something.
Something hits you! x3
You hit something but do no damage. You kick something.
Something hits you but does no damage. Something hits you.
* * * LOW HITPOINT WARNING * * *
You hit something but do no damage. You kick something.
Something hits you but does no damage. Something hits you!
* * * LOW HITPOINT WARNING * * *
Your body deteriorates!
You feel dopey. Something hits you but does no damage.
You closely miss something. Your kick misses something. Something hits you.
You die...

..... . ....# #..
c...... #(.## #..
....... #?>.## #..
....... #.#(.## ##..
###.### ####(.# ###...
.# ##(#### #..... #(((.#
#.####
######(#######..... #.@#
#.......)..###
#.{###.............
#+####..................
........##..............
........................
.........#####.#........
..........# #.#........
..........# #.#.)......
....####..####.##.#####.


There were no monsters in sight!

Vanquished Creatures
  An orc priest (D:3)
  An orc wizard (D:3)
  2 oozes (D:2)
  2 dart slugs
  5 orcs
  5 bats
  2 giant cockroaches
  6 goblins
  3 hobgoblins
  4 jackals (D:2)
  4 frilled lizards
  4 kobolds
  7 rats
46 creatures vanquished.

Vanquished Creatures (others)
  A hound (D:4)
  A kobold (D:4)
2 creatures vanquished.

Grand Total: 48 creatures vanquished

Notes
Turn   | Place    | Note
-------+----------+-------------------------------------------
     0 | D:1      | Ijustatesigmund the Hill Orc Artificer began the quest for the Orb.
     0 | D:1      | Reached XP level 1. HP: 16/16 MP: 3/3
    24 | D:1      | Reached XP level 2. HP: 13/25 MP: 4/4
   397 | D:1      | Reached skill level 1 in Armour
   864 | D:2      | Found an opulent altar of Gozag.
   888 | D:2      | Reached XP level 3. HP: 31/31 MP: 5/5
  1143 | D:2      | Found a white marble altar of Elyvilon.
  1229 | D:2      | Reached skill level 1 in Axes
  1280 | D:2      | Found a hazy altar of Hepliaklqana.
  1783 | D:3      | Reached XP level 4. HP: 4/39 MP: 6/6
  2092 | D:3      | Found an ornate altar of the Wu Jian Council.
  2119 | D:3      | Reached XP level 5. HP: 34/46 MP: 7/7
  2802 | D:4      | Noticed a centaur
  3077 | D:4      | Gained mutation: Your body sometimes deteriorates upon taking damage. [potion of mutation]
  3077 | D:4      | Gained mutation: You are partially covered in large bone plates. (SH +4) [potion of mutation]
  3077 | D:4      | Gained mutation: You have large cloven feet. [potion of mutation]
  3083 | D:4      | Slain by a centaur

Vault maps used:
D:1:      dpeg_arrival_tiny_j
D:2:      lemuel_doored_altar, nicolae_overflow_crystal_walls,
          nicolae_gozag_seed_capital
D:3:      old_standard_altar, grunt_dithmenos_smoke_and_mirrors
D:4:      nemelex_altar_shiori, zin_angel

Skill      XL: |  1  2  3 |
---------------+----------+-----
Fighting       | 2 3 |  3.9
Armour         | 1 2 |  2.5
Axes           | 2 |  2.6
Short Blades   | |  1.0
Dodging        | |  1.5
Stealth        | |  0.7
Evocations     | |  3.0

Action                   |  1- 3 |  4- 6 || total
-------------------------+-------+-------++-------
Melee: Short sword       |    74 |       ||    74
       Hand axe          |    91 |    44 ||   135
       Kick              |       |     3 ||     3
Evoke: Wand              |     5 |    13 ||    18
  Use: Scroll            |     4 |     4 ||     8
       Potion            |       |     2 ||     2
  Eat: Chunk             |     2 |       ||     2
       Bread ration      |       |     1 ||     1
Armor: Leather armour    |    17 |       ||    17
       Plate armour      |   165 |    56 ||   221
Dodge: Dodged            |    71 |     7 ||    78

Table legend:
 A = Spawn XP
 B = Non-spawn XP
 C = Spawn XP percentage of total XP
 D = Spawn monster count
 E = Non-spawn monster count
 F = Spawn count percentage of total count
 G = Total turns spent on level
                    A         B        C        D         E        F      G
               +---------+---------+-------+---------+---------+-------+---------
         Total |       0 |     178 |   0.0 |       0 |      47 |   0.0 |  3083
               +---------+---------+-------+---------+---------+-------+---------
           D:1 |       0 |      33 |   0.0 |       0 |      20 |   0.0 |   857
           D:2 |       0 |      40 |   0.0 |       0 |      14 |   0.0 |  1168
           D:3 |       0 |     101 |   0.0 |       0 |      10 |   0.0 |   774
           D:4 |       0 |       4 |   0.0 |       0 |       3 |   0.0 |   284
               +---------+---------+-------+---------+---------+-------+---------
